 Dungeon Crawl Stone Soup version 0.28.0 (webtiles) character file.

Game seed: 9725188205499972978

51610 MirrMurr the Spear-Bearer (level 14, -9/138 HPs)
             Began as a Gargoyle Berserker on Feb 6, 2022.
             Was a High Priest of Trog.
             Mangled by Rupert (21 damage)
             ... on level 5 of the Lair of Beasts.
             The game lasted 00:46:56 (26149 turns).

MirrMurr the Spear-Bearer (Gargoyle Berserker)     Turns: 26149, Time: 00:46:57

Health: -9/138     AC: 38    Str: 22    XL:     14   Next: 60%
Magic:  14/14      EV: 12    Int:  8    God:    Trog [*****.]
Gold:   980        SH:  0    Dex: 13    Spells: 13/13 levels left

rFire   . . .      SeeInvis .   a - +4 trident (venom)
rCold   . . .      Faith    .   (no shield)
rNeg    + . .      Spirit   .   o - +0 chain mail
rPois   ∞          Reflect  .   O - +2 helmet
rElec   +          Harm     .   x - +2 cloak {rCorr}
rCorr   +          Rampage  .   g - +1 pair of gloves
Will    +....                   J - +0 pair of boots
Stlth   ..........              (no amulet)
HPRegen 0.33/turn               e - ring of resist corrosion
MPRegen 0.14/turn               z - +4 ring of protection

@: berserking, flying, very quick
A: sickness immunity, AC +10, big wings, negative energy resistance 1,
electricity resistance, torment resistance 1, petrification resistance
a: Renounce Religion, Berserk, Trog's Hand, Brothers in Arms


You were on level 5 of the Lair of Beasts.
You worshipped Trog.
Trog was extremely pleased with you.
You visited 3 branches of the dungeon, and saw 17 of its levels.

You collected 1095 gold pieces.
You spent 115 gold pieces at shops.

Inventory:

Hand Weapons
 a - a +4 trident of venom (weapon)
 b - a +0 hunting sling
Missiles
 f - 462 stones (quivered)
 k - 17 poisoned darts
 u - 60 sling bullets
 A - 4 throwing nets
 H - 6 boomerangs
 M - 2 curare-tipped darts
Armour
 g - a +1 pair of gloves (worn)
 o - a +0 chain mail (worn)
 x - a +2 cloak of preservation (worn)
 J - a +0 pair of boots (worn)
 O - a +2 helmet (worn)
Jewellery
 e - a ring of resist corrosion (left hand)
 z - a +4 ring of protection (right hand)
 E - a ring of protection from cold
Wands
 m - a wand of digging (3)
 n - a wand of paralysis (41)
 F - a wand of iceblast (36)
 K - a wand of mindburst (12)
 Q - a wand of flame (33)
Scrolls
 i - a scroll of holy word {unknown}
 p - 9 scrolls of magic mapping
 t - a scroll of summoning
 y - 6 scrolls of fear
 B - 3 scrolls of vulnerability
 C - a scroll of immolation
 D - 5 scrolls of silence
 I - 5 scrolls of fog
 P - 4 scrolls of teleportation
 R - a scroll of blinking
Potions
 c - 3 potions of cancellation
 d - a potion of attraction
 h - a potion of magic
 j - 4 potions of might
 l - 6 potions of heal wounds
 q - 5 potions of lignification
 r - 8 potions of curing
 s - 3 potions of invisibility
 v - 5 potions of flight
 w - 7 potions of ambrosia
 G - 6 potions of mutation
 L - a potion of haste
Miscellaneous
 S - a phantom mirror


   Skills:
 + Level 12.2 Fighting
 - Level 14.0 Polearms
 + Level 8.1 Throwing
 + Level 12.1 Armour
 + Level 9.3 Dodging


You had 13 spell levels left.
You didn't know any spells.
Your spell library was empty.

Dungeon Overview and Level Annotations

Branches:
Dungeon (11/15)            Temple (1/1) D:6            Lair (5/6) D:8
 Shoals (0/4) Lair:4       Spider (0/4) Lair:2
  Slime: Lair:5-6       Orc: D:9-12

Altars:
Ashenzari
Cheibriados
Dithmenos
Elyvilon
Fedhas
Gozag
Hepliaklqana
Kikubaaqudgha
Makhleb
Nemelex Xobeh
Okawaru
Qazlal
Ru
Sif Muna
Trog
Uskayaw
Vehumet
Wu Jian
Xom
Yredelemnul
Zin
The Shining One

Shops:
D:2 *   D:4 !***   D:7 *   D:11 ?

Annotations:
D:5 1 runed translucent door, littlexolus's ghost, novice TrHu
Lair:5 Rupert


Innate Abilities, Weirdness & Mutations

You are immune to sickness and miasma.
Your stone body is resilient. (AC +10)
You are immune to poison.
Your large and strong wings let you fly.
You resist negative energy. (rN+)
You are resistant to electric shocks. (rElec)
You are resistant to unholy torment.
You are immune to petrification.


Message History

Unknown command.
You puncture Rupert!
Rupert looks as sick as possible!
Rupert is heavily wounded.
Rupert hits you but does no damage.
Unknown command.
You hit Rupert but do no damage.
Rupert looks as sick as possible!
Rupert is heavily wounded.
Rupert hits you but does no damage.
A red film seems to cover your vision as you go berserk!
You feel yourself moving faster!
You feel mighty!
Rupert hits you with a +2 triple sword of electrocution!
You puncture Rupert!
Rupert looks as sick as possible!
Rupert is severely wounded.
Rupert hits you but does no damage.
You hit Rupert.
Rupert looks as sick as possible!
Rupert is severely wounded.
You impale Rupert!!
Rupert is severely wounded.
Rupert completely misses you.
You hit Rupert.
Rupert looks as sick as possible!
Rupert is severely wounded.
You hit Rupert.
Rupert is almost dead.
Rupert hits you with a +2 triple sword of electrocution!!!
You hit Rupert.
Rupert is almost dead.
You hit Rupert but do no damage.
Rupert looks as sick as possible!
Rupert is almost dead.
Rupert misses you.
You puncture Rupert!
Rupert looks as sick as possible!
Rupert is almost dead.
You closely miss Rupert.
Rupert is almost dead.
Rupert hits you with a +2 triple sword of electrocution!!
* * * LOW HITPOINT WARNING * * *
Unknown command.
You hit Rupert.
Rupert looks as sick as possible!
Rupert is almost dead.
Rupert hits you with a +2 triple sword of electrocution!!
You die...

...........##.##....#.#P##
...............#.....(###
.#..##..........#....##
....#...#.............#
P.#.....P...#.#.....###
#....P.P...PP........####
..>...#P................#
##:#..##.....P#.#......##
#.....###......@@.##...##
#.†.........(...######..#
#...........##### ##..###
...#....P...# #.....#
#...........# ##..###
..P..#.#....#. ##..##
PP....##P....########....#
.....#.#.P....P#.#..#..###
.........P............<#


You could see Rupert (berserk, extremely poisoned).

Vanquished Creatures
  Gastronok (Lair:1)
  9 hydras
  A boulder beetle (Lair:3)
  Erolcha (D:10)
  A catoblepas (Lair:2)
  10 death yaks
  4 skeletal warriors
  An orb spider (Lair:2)
  Pikel (D:5)
  2 oklob plants (Lair:4)
  4 elephants (Lair:5)
  6 black mambas
  9 cane toads
  5 rime drakes
  8 komodo dragons
  A queen bee (Lair:2)
  A polar bear (Lair:1)
  A hornet (D:9)
  3 trolls
  4 dream sheep (Lair:5)
  Sigmund (D:5)
  18 blink frogs
  A vampire (D:9)
  3 shadows
  6 wyverns
  A wraith (D:10)
  39 yaks
  Grum (Lair:1)
  2 steam dragons
  3 basilisks
  3 wargs
  Menkaure (D:4)
  6 water moccasins
  6 orc warriors
  2 ice beasts
  3 black bears
  2 sky beasts
  17 wolves
  4 ogres
  13 centaurs
  2 phantoms
  4 gnoll sergeants
  8 bullfrogs
  A wyvern zombie (D:4)
  A wyvern skeleton (D:7)
  38 killer bees
  3 howler monkeys
  2 electric eels (Lair:2)
  8 centaur zombies
  A lava snake (Lair:2)
  2 hounds
  A jelly (D:6)
  10 orc priests
  A centaur skeleton (D:7)
  A gnoll shaman (D:5)
  2 bullfrog skeletons
  An iron imp (D:3)
  5 iguanas
  14 orc wizards
  6 hell rats (Lair:3)
  3 hound skeletons
  2 howler monkey zombies
  12 gnolls
  14 adders
  A shadow imp (D:6)
  A white imp (D:6)
  2 adder skeletons
  2 worms (D:4)
  A dart slug (D:5)
  42 orcs
  11 ball pythons
  11 bats
  7 endoplasms
  5 giant cockroaches
  2 goblins (D:2)
  7 hobgoblins
  10 jackals
  A quokka (D:1)
  4 frilled lizards
  12 kobolds
  5 rats
471 creatures vanquished.

Vanquished Creatures (others)
  A bush (Lair:5)
  43 fungi
  124 plants
168 creatures vanquished.

Grand Total: 639 creatures vanquished

Notes
Turn   | Place    | Note
-------+----------+-------------------------------------------
     0 | D:1      | MirrMurr the Gargoyle Berserker began the quest for the
                  | Orb.
     0 | D:1      | Reached XP level 1. HP: 14/14 MP: 1/1
   263 | D:1      | Reached XP level 2. HP: 8/19 MP: 2/2
   603 | D:1      | Reached skill level 3 in Polearms
   727 | D:1      | Found a faded altar of an unknown god.
  1035 | D:1      | Reached ** piety under Trog
  1036 | D:1      | Reached XP level 3. HP: 23/23 MP: 3/3
  1881 | D:2      | Found Rooleate's General Store.
  1932 | D:2      | Reached XP level 4. HP: 29/29 MP: 4/4
  2262 | D:2      | Found a radiant altar of Vehumet.
  2473 | D:3      | Found an ornate altar of the Wu Jian Council.
  2648 | D:3      | Noticed a sky beast
  2686 | D:3      | Killed a sky beast
  2687 | D:3      | Reached skill level 4 in Polearms
  2687 | D:3      | Reached XP level 5. HP: 20/33 MP: 5/5
  2920 | D:3      | Found a snail-covered altar of Cheibriados.
  2931 | D:3      | Reached XP level 6. HP: 30/39 MP: 6/6
  3010 | D:3      | Reached *** piety under Trog
  3619 | D:3      | Found a sacrificial altar of Ru.
  3847 | D:4      | Found Ovarila's Assorted Antiques.
  3941 | D:4      | Found Kutan's Distillery.
  3951 | D:4      | Noticed Menkaure
  3972 | D:4      | Killed Menkaure
  3973 | D:4      | Reached XP level 7. HP: 44/44 MP: 7/7
  3983 | D:4      | Reached skill level 5 in Polearms
  4133 | D:4      | Reached skill level 5 in Fighting
  4559 | D:4      | Reached **** piety under Trog
  4639 | D:4      | Reached XP level 8. HP: 31/49 MP: 8/8
  4814 | D:4      | Found Hing's General Store.
  4940 | D:4      | Found Oneas's General Store.
  4944 | D:4      | Bought a +0 cloak of preservation for 115 gold pieces
  5155 | D:5      | Entered Level 5 of the Dungeon
  5254 | D:5      | Reached skill level 5 in Armour
  5428 | D:5      | Found a radiant altar of Vehumet.
  5449 | D:5      | Reached skill level 6 in Polearms
  5560 | D:5      | Noticed Sigmund
  5571 | D:5      | Killed Sigmund
  5783 | D:5      | Found a runed translucent door.
  5783 | D:5      | Noticed littlexolus's ghost (novice TrHu)
  6297 | D:6      | Noticed Pikel
  6320 | D:5      | Killed Pikel
  6321 | D:5      | Reached skill level 7 in Polearms
  6321 | D:5      | Reached XP level 9. HP: 32/56 MP: 9/9
  6693 | D:6      | Found a staircase to the Ecumenical Temple.
  6728 | Temple   | Entered the Ecumenical Temple
  7078 | D:6      | Reached skill level 5 in Dodging
  7121 | D:6      | Found a glowing golden altar of the Shining One.
  7142 | D:6      | Found a burning altar of Makhleb.
  7145 | D:6      | Found an iron altar of Okawaru.
  7168 | D:6      | Identified the +4 robe of Crawling {rElec Str+5 Dex-3
                  | Stlth+}
  7483 | D:7      | Reached skill level 8 in Polearms
  7704 | D:7      | Found Kadduqoh's Elemental Accessories.
  8132 | D:8      | Reached XP level 10. HP: 48/63 MP: 10/10
  8746 | D:8      | Reached skill level 1 in Throwing
  8893 | D:8      | Found a basalt altar of Yredelemnul.
  8931 | D:8      | Reached skill level 9 in Polearms
  8944 | D:8      | Found a staircase to the Lair.
  9477 | D:8      | Found a shimmering blue altar of Sif Muna.
  9537 | D:8      | Reached ***** piety under Trog
  9737 | D:8      | Found a sparkling altar of Nemelex Xobeh.
 10003 | D:8      | Found a glowing silver altar of Zin.
 10585 | D:9      | Noticed a skeletal warrior
 10585 | D:9      | Noticed a skeletal warrior
 10615 | D:8      | Killed a skeletal warrior
 10616 | D:8      | Reached XP level 11. HP: 69/69 MP: 11/11
 10703 | D:9      | Killed a skeletal warrior
 10808 | D:9      | Noticed a skeletal warrior
 10837 | D:8      | Killed a skeletal warrior
 10838 | D:8      | Reached skill level 10 in Polearms
 10960 | D:9      | Found a broken altar of Ashenzari.
 10961 | D:9      | Noticed a skeletal warrior
 11189 | D:9      | Killed a skeletal warrior
 11322 | D:9      | Found a blossoming altar of Fedhas.
 12020 | D:10     | Entered Level 10 of the Dungeon
 12020 | D:10     | Noticed Erolcha
 12485 | D:10     | Found a basalt altar of Yredelemnul.
 12590 | D:10     | Killed Erolcha
 13139 | D:10     | Found a broken altar of Ashenzari.
 13498 | D:11     | HP: 2/71 [orc priest/divine providence (12)]
 14327 | D:11     | Reached skill level 11 in Polearms
 14327 | D:11     | Reached XP level 12. HP: 48/76 MP: 12/12
 14891 | D:11     | Noticed a six-headed hydra
 14908 | D:11     | Killed a six-headed hydra
 14909 | D:11     | Reached skill level 5 in Throwing
 15104 | D:11     | Found Kih Roru's Magic Scroll Boutique.
 15112 | D:11     | Identified the +12 dire flail of Obsession {freeze, rPois
                  | rF- Will+}
 15472 | Lair:1   | Entered Level 1 of the Lair of Beasts
 16132 | Lair:1   | Reached skill level 10 in Fighting
 16675 | Lair:1   | Reached skill level 10 in Armour
 17218 | Lair:1   | Noticed Grum
 17256 | Lair:1   | Killed Grum
 17626 | Lair:1   | Noticed Gastronok
 17642 | Lair:1   | Killed Gastronok
 17643 | Lair:1   | Reached skill level 12 in Polearms
 18016 | Lair:2   | Noticed an eight-headed hydra
 18167 | Lair:2   | Reached XP level 13. HP: 16/83 MP: 13/13
 18458 | Lair:2   | Found a hole to the Spider Nest.
 21629 | Lair:3   | Reached skill level 13 in Polearms
 23649 | Lair:4   | Gained mutation: Your large and strong wings let you fly.
                  | [Gargoyle growth]
 23649 | Lair:4   | Reached XP level 14. HP: 65/90 MP: 14/14
 24081 | Lair:4   | Found a staircase to the Shoals.
 24433 | Lair:4   | Found a blossoming altar of Fedhas.
 25659 | Lair:5   | Reached skill level 14 in Polearms
 26123 | Lair:5   | Noticed Rupert
 26149 | Lair:5   | Mangled by Rupert

Illustrated notes

Levels and vault maps discovered:
D:1:      minmay_arrival_four_circles, layout_loops_corners,
          hellmonk_ecumenical_altar_dog_temple
D:2:      layout_rooms, serial_shops, shop_fountains, basic_altar
D:3:      layout_basic, slow_altar_1, nicolae_wu_jian_wuxing_cycle,
          nicolae_ru_great_annihilating_truth, minmay_snake_closets
D:4:      cheibrodos_barr_body, layout_basic, serial_shops, shop_statue,
          nicolae_lakefront_shop, nicolae_stop_n_shop_1,
          nicolae_shop_statue_plus, minmay_quantized, uniq_menkaure
D:5:      layout_basic, mainiacjoe_overflow_concentric_impassable,
          hellmonk_ghost_happy_afterlife, uniq_sigmund
D:6:      layout_cave_pools, mainiacjoe_overflow_catwalk_spiral, tso_altar,
          minmay_temple_entry_sparse_star, uniq_pikel
D:7:      layout_cave_pools, nicolae_elemental_shop,
          chequers_serial_rivers_room_a, kennysheep_crisscross
D:8:      layout_basic, lemuel_tele_altar, kennysheep_mini,
          mainiacjoe_overflow_24_doors, mainiacjoe_overflow_tiny_flanked,
          erik_lair_orcish_takeover
D:9:      layout_basic, fedhas_altar_3, ashenzari_altar_1,
          minmay_fractal_squares_5
D:10:     layout_long_grid, hangedman_feature_mirror, uniq_erolcha
D:11:     layout_basic, serial_shops, shop
Temple:   nicolae_temple_figure_zero
Lair:1:   layout_hall_layers, grunt_megastairs_4, infiniplex_staircase_pool_2,
          uniq_gastronok, uniq_grum
Lair:2:   layout_gridlike, nicolae_spider_entry_orb_guardian, special_room
          [special_room_bee], grunt_megastairs_2
Lair:3:   layout_cave_pods
Lair:4:   layout_small_grid, minmay_shoals_entry_centaurs,
          hangedman_tree_tricks, grunt_forest_small_clearing_treed
Lair:5:   layout_loops_ring, st_stairs_11, minivault_19, uniq_rupert

Skill      XL: |  1  2  3  4  5  6  7  8  9 10 11 12 13 14 |
---------------+-------------------------------------------+-----
Polearms       | 3 4 5 7 8 9 11 12 13 14 | 14.0
Dodging        | 2 3 4 5 6 7 8 9 |  9.3
Armour         | 3 4 6 7 8 9 10 11 12 | 12.1
Fighting       | 4 5 6 7 8 9 10 11 12 | 12.2
Throwing       | 3 4 6 7 8 |  8.1

Action                   |  1- 3 |  4- 6 |  7- 9 | 10-12 | 13-15 || total
-------------------------+-------+-------+-------+-------+-------++-------
Melee: Spear             |   146 |   133 |       |       |       ||   279
       Punch             |     1 |     1 |     3 |    18 |    14 ||    37
       Trident           |       |    96 |   324 |   986 |   822 ||  2228
 Fire: Hunting sling     |       |     9 |   103 |   112 |    30 ||   254
Throw: Stone             |     5 |       |       |       |    29 ||    34
       Dart              |       |       |       |       |    10 ||    10
Invok: Berserk           |       |     1 |     3 |    19 |     8 ||    31
       Trog's Hand       |       |     1 |     1 |     7 |     3 ||    12
Evoke: Wand              |       |       |     1 |       |       ||     1
  Use: Scroll            |       |    10 |    10 |     8 |     5 ||    33
 Stab: Sleeping          |     4 |     1 |       |       |       ||     5
       Paralysed         |       |     1 |       |       |       ||     1
       Distracted        |       |       |     1 |       |       ||     1
Armor: Animal skin       |    39 |     2 |       |       |       ||    41
       Leather armour    |       |    50 |       |       |       ||    50
       Chain mail        |       |    32 |   146 |   617 |   479 ||  1274
Dodge: Dodged            |    95 |   111 |   111 |   466 |   351 ||  1134
